Unix NetHack Version 3.7.0-82 Work-in-progress - last build Apr 17 2023 03:07:26 (e853d47aa369caa3f400cfc56ad4c4ae4a18b75a,branch:master). Game began 2023-04-21 20:13:30, ended 2023-04-21 20:19:17. tromix, neutral female gnomish Ranger ------- -------------- ------- |..<..| |............| |.....| ###-....(| |...........>| |.....-#### ----.-- #-............| |.....| # #----------.--- |......###################### ##### ## |.....| ## ################### # #### ------- -------------- ############# # |..........{.| #### }}}}}} # ##### #.............| ## # ---------.- #####|............-### ####|..>......| # |............| #-.........| # |............| |.........| -|----- # -------------- ..........| |.....-## ----------- |...B@| |.@d.`| ------- Tromix the Lookout St:14 Dx:11 Co:14 In:14 Wi:14 Ch:9 Neutral Dlvl:3 $:50 HP:0(22) Pw:14(14) AC:7 Exp:3 T:1137 Latest messages: You see here a hexagonal amulet. n - a hexagonal amulet. You climb up the stairs. You kill the gecko! You descend the stairs. You see here a horn. You miss the homunculus. The homunculus bites! You hit the homunculus. The homunculus bites! You are put to sleep by the homunculus! The homunculus bites! The homunculus bites! The homunculus bites! The homunculus bites! The homunculus bites! The homunculus bites! The homunculus bites! The homunculus bites! The homunculus bites! You wake up. You climb up the stairs. You hear the footsteps of a guard on patrol. You stop searching. b - a +1 crossbow (weapon in hand). a - a +1 dagger (alternate weapon; not wielded). In what direction? 1 You destroy the gnome zombie! a - a +1 dagger (weapon in hand). b - a +1 crossbow (alternate weapon; not wielded). The door opens. You see here 4 gold pieces. $ - 4 gold pieces (39 in total). You find a hidden passage. You hear bubbling water. You find a hidden door. The door resists! The door opens. You see here 11 gold pieces. $ - 11 gold pieces (50 in total). b - a +1 crossbow (weapon in hand). a - a +1 dagger (alternate weapon; not wielded). Sirius bites the wererat. The wererat hits Sirius. The giant bat bites! The wererat picks up a banded mail. The giant bat bites! The giant bat bites! You die... Do you want your possessions identified? [ynq] (y) q Inventory: Coins $ - 50 gold pieces Amulets n - an uncursed amulet of ESP Weapons c - 57 +2 crossbow bolts (in quiver pouch) d - 39 +0 crossbow bolts b - a +1 crossbow (weapon in hand) a - a +1 dagger (alternate weapon; not wielded) j - a +0 dagger Armor l - a cursed -2 pair of levitation boots e - an uncursed +2 cloak of displacement (being worn) Comestibles f - 4 uncursed cram rations g - 4 uncursed food rations m - an uncursed food ration h - 2 uncursed lichen corpses Wands k - a wand of secret door detection (0:12) Tromix the Ranger's attributes: Background: You were a Lookout, a level 3 female gnomish Ranger. You were neutral, on a mission for Venus who was opposed by Mercury (lawful) and Mars (chaotic). You were in the Dungeons of Doom, on level 3. You entered the dungeon 1137 turns ago. There was a new moon in effect when your adventure ended. You had 45 experience points, 35 more were needed to attain level 4. Basics: You had 0 out of 22 hit points. You had all 14 energy points (spell power). Your armor class was 7. Your wallet contained 50 zorkmids. Autopickup was off. Final Characteristics: Your strength was 14 (limit:18/50). Your dexterity was 11 (limit:18). Your constitution was 14 (limit:18). Your intelligence was 14 (limit:19). Your wisdom was 14 (limit:18). Your charisma was 9 (limit:18). Final Status: You were not hungry. You were unencumbered. You were wielding a crossbow. You had basic skill with crossbow. Final Attributes: You were devoutly aligned. You had automatic searching. You had infravision. You were displaced. You were warded. You are dead. Miscellaneous: You disabled loading of bones levels. Total elapsed playing time was 5 minutes and 47 seconds. Major events: Turn 1: tromix the neutral female gnomish Ranger entered the dungeon 955: attained the rank of Lookout (level 3) 1007: entered the Gnomish Mines 1137: killed by a giant bat Vanquished creatures: a hobbit 2 giant rats a red mold a gnome zombie a gecko 3 jackals a fox 4 grid bugs 5 lichens a newt 20 creatures vanquished. No species were genocided or became extinct. Voluntary challenges: You read items or engraved 2 times. You never engraved Elbereth. You never genocided any monsters. You never polymorphed an object. You never changed form. You used no wishes. Achievements: You attained the rank of Lookout. You entered the Gnomish Mines. The Dungeons of Doom: levels 1 to 4 Level 1: Level 2: An altar to Venus, a fountain. Level 3: <- You were here. A fountain. Stairs down to The Gnomish Mines. Final resting place for you, killed by a giant bat. Level 4: The Gnomish Mines: Level 4: Game over: ---------- / \ / REST \ / IN \ / PEACE \ / \ | tromix | | 50 Au | | killed by a | | giant bat | | | | | | 2023 | *| * * * | * _________)/\\_//(\/(/\)/\//\/|_)_______ Goodbye tromix the Ranger... You died in The Dungeons of Doom on dungeon level 3 with 375 points, and 50 pieces of gold, after 1137 moves. You were level 3 with a maximum of 22 hit points when you died.